cohdb
Replays
Latest Replays
All Replays
Popular Replays
Top Player Replays
Match Explorer
How It Works
Community
CoH3 Stats
Reddit
Sign in to upload your games and track your stats! →
Sign in with Steam
Match 41333659
Unlisted
Match 41333659
Overview
Messages
Build Orders
End
Pioneer Squad
Pioneer Squad
Construct Infanterie Kompanie
Selects Terror Battlegroup
Selects Machine Gun Camouflage
MG 42 Machine Gun Team
Grenadier Squad
MG 42 Machine Gun Team
Construct Luftwaffe Kompanie
221 Scout Car
Kettenkrad Recon Vehicle
Jäger Squad
Medical Bunker
Support Elements
Wirbelwind Flakpanzer
Selects Defend the Fatherland
Luftwaffe Officer Quarters
Jäger Squad
Wirbelwind Flakpanzer
Marder III M Tank Destroyer
Marder III M Tank Destroyer
Selects Defend the Fatherland
Selects Interrogate
Jäger Squad
Side Skirts
Selects King Tiger Heavy Tank
Lisan al Gaib
HulkSMASH
0
0
Comments
sign in to comment!
No comments posted yet!